 Dungeon Crawl Stone Soup version 0.23-a0-208-gb6b040f (webtiles) character file.

9866 b5mith the Fighter (level 11, 0/99 HPs)
             Began as a Minotaur Berserker on Sept 25, 2018.
             Was a High Priest of Trog.
             Slain by a water elemental (11 damage)
             ... on level 11 of the Dungeon.
             The game lasted 00:25:16 (9918 turns).

b5mith the Fighter (Minotaur Berserker)             Turns: 9918, Time: 00:25:16

Health: 0/99       AC: 14    Str: 28    XL:     11   Next: 28%
Magic:  10/10      EV: 12    Int:  7    God:    Trog [*****.]
Gold:   562        SH:  0    Dex: 23    Spells: 10/10 levels left

rFire    . . .     SeeInvis +   V - +8 rapier of Circularity {pain, Fragile Str+2 Dex+6 SInv}
rCold    . . .     Gourm    .   (no shield)
rNeg     + + .     Faith    .   J - +2 ring mail "Votzut" {rN++}
rPois    .         Spirit   .   M - +0 hat {Int+3}
rElec    .         Reflect  .   l - +0 cloak
rCorr    .         Harm     .   w - +0 pair of gloves
MR       .....                  v - +2 pair of boots
Stlth    +.........             z - amulet of regeneration
HPRegen  0.66/turn              S - +4 ring of dexterity
MPRegen  0.12/turn              G - +4 ring of dexterity

@: very slow
A: retaliatory headbutt, horns 2, slimy green scales 1, frail 1
a: Berserk, Trog's Hand, Brothers in Arms, Renounce Religion


You were on level 11 of the Dungeon.
You worshipped Trog.
Trog was extremely pleased with you.
You were hungry.

You visited 1 branch of the dungeon, and saw 11 of its levels.

You collected 562 gold pieces.

Inventory:

Hand Weapons
 a - a +1 falchion
 A - the +0 flail of Okawaru's Whim {crush, *Rage rF+ MP+9}
   (You found it on level 4 of the Dungeon)

   It inflicts extra damage upon your enemies.
   It protects you from fire.
   It affects your magic capacity (+9).
   It may make you go berserk in combat.
 E - a +5 falchion
   (You took it off a wight on level 6 of the Dungeon)
 P - a +2 scimitar
   (You took it off a wight on level 9 of the Dungeon)
 V - the +8 rapier of Circularity (weapon) {pain, Fragile Str+2 Dex+6 SInv}
   (You found it on level 10 of the Dungeon)

   In the hands of one skilled in necromantic magic, it inflicts extra damage on
   living creatures.
   It affects your strength (+2).
   It affects your dexterity (+6).
   It lets you see invisible.
   It will be destroyed if unequipped.
 X - a +6 great sword of draining
   (Trog gifted it to you on level 11 of the Dungeon)
Missiles
 r - 101 sling bullets
 L - 2 tomahawks (quivered)
Armour
 b - a +0 animal skin
 l - a +0 cloak (worn)
   (You found it on level 1 of the Dungeon)
 n - a +0 ring mail
   (You found it on level 2 of the Dungeon)
 v - a +2 pair of boots (worn)
   (You found it on level 4 of the Dungeon)
 w - a +0 pair of gloves (worn)
   (You found it on level 4 of the Dungeon)
 J - the +2 ring mail "Votzut" (worn) {rN++}
   (You found it on level 8 of the Dungeon)

   It greatly protects you from negative energy.
 M - a +0 hat of intelligence (worn)
   (You took it off Gastronok on level 8 of the Dungeon)
Jewellery
 s - an uncursed ring of magical power
   (You found it on level 3 of the Dungeon)
 z - an amulet of regeneration (around neck)
   (You found it on level 4 of the Dungeon)
 G - a +4 ring of dexterity (right hand)
   (You found it on level 7 of the Dungeon)
 S - a +4 ring of dexterity (left hand)
   (You found it on level 9 of the Dungeon)
Wands
 u - a wand of digging (12)
   (You found it on level 4 of the Dungeon)
 y - a wand of random effects (19)
   (You found it on level 9 of the Dungeon)
 F - a wand of flame (21)
   (You found it on level 7 of the Dungeon)
 I - a wand of polymorph (30)
   (You found it on level 7 of the Dungeon)
 N - a wand of acid (5)
   (You found it on level 8 of the Dungeon)
 O - a wand of enslavement (8)
   (You found it on level 9 of the Dungeon)
Scrolls
 d - 7 scrolls of teleportation
 e - a scroll of blinking
 f - 5 scrolls of amnesia
 j - 2 scrolls of magic mapping
 k - 5 scrolls of identify {@r1}
 m - 2 scrolls of noise {unknown}
 x - a scroll of enchant armour
 B - a scroll of fear {unknown}
 C - 3 scrolls of enchant weapon
 K - a scroll of summoning {unknown}
 T - a scroll of fog {unknown}
 U - a scroll of torment {unknown}
 W - a scroll of acquirement {unknown}
Potions
 g - 2 potions of resistance {unknown}
 h - 3 potions of heal wounds {unknown}
 i - 5 potions of curing {unknown}
 o - 2 potions of flight {unknown}
 p - 2 potions of haste {unknown}
 q - 2 potions of cancellation {unknown}
 t - a potion of lignification {unknown}
 D - a potion of degeneration {unknown}
 H - a potion of might {unknown}
 Q - a potion of magic {unknown}
Comestibles
 c - 13 rations


   Skills:
 + Level 14.7 Fighting
 + Level 14.6 Long Blades
 - Level 2.4 Armour
 - Level 2.1 Dodging


You had 10 spell levels left.
You didn't know any spells.
Your spell library was empty.

Dungeon Overview and Level Annotations

Branches:
Dungeon (11/15)            Temple (0/1) D:7            Lair (0/6) D:11
    Orc (0/2) D:11

Altars:
Fedhas
Kikubaaqudgha
Makhleb
Nemelex Xobeh
Qazlal
Ru
Wu Jian
Zin

Shops:
D:5 =   D:11 *


Innate Abilities, Weirdness & Mutations

You reflexively headbutt those who attack you in melee.
You have a pair of horns on your head.
You are partially covered in slimy green scales. (AC +2)
You are frail. (-10% HP)


Message History

The electric eel shoots out a bolt of lightning at you!
The bolt of electricity hits you!
A hungry ghost comes into view.
The electric eel shoots out a bolt of lightning at you!
The bolt of electricity hits you!
You see here 23 stones.
You barely miss the hungry ghost. The hungry ghost hits you.
You are feeling hungry.
You hit the hungry ghost. You headbutt the hungry ghost!!
The hungry ghost is heavily damaged.
The hungry ghost misses you. You furiously retaliate!
You headbutt the hungry ghost. You puncture the hungry ghost!
You destroy the hungry ghost!
Trog accepts your kill.
The electric eel shoots out a bolt of lightning at you!
The bolt of electricity hits you!
The electric eel shoots out a bolt of lightning at you!
The bolt of electricity hits you!
A water elemental comes into view.
The electric eel shoots out a bolt of lightning at you!
The bolt of electricity hits you!
* * * LOW HITPOINT WARNING * * *
You enter the shallow water.
Moving in this stuff is going to be slow.
The electric eel shoots out a bolt of lightning at you!
The bolt of electricity misses you. The water elemental hits you!
* * * LOW HITPOINT WARNING * * *
The water elemental engulfs you in water!
You closely miss the electric eel. You headbutt the electric eel.
The electric eel is moderately wounded.
* * * LOW HITPOINT WARNING * * *
Your lungs strain for air!
The electric eel shoots out a bolt of lightning at you!
The bolt of electricity hits you!
* * * LOW HITPOINT WARNING * * *
You puncture the electric eel!
You kill the electric eel!
Trog accepts your kill.
You hear a splash.
* * * LOW HITPOINT WARNING * * *
Your lungs strain for air!
The water elemental hits you.
* * * LOW HITPOINT WARNING * * *
You slip free of the water engulfing you.
You enter the shallow water.
Moving in this stuff is going to be slow.
You gasp with relief as air once again reaches your lungs.
The water elemental hits you!
You die...

#>...>.∩..#
.......<..######.## #######
#......[.........≈≈ ≈≈≈.....
.........≈.≈....≈≈≈ ≈≈≈.≈..≈
z.......$..≈..≈≈≈≈≈ ≈≈≈...≈.
#.........(≈≈%≈≈≈≈≈ ≈≈.≈≈≈..
###.#.#...≈≈≈≈≈≈≈≈≈≈≈≈≈≈≈.≈.
#[#....≈≈≈≈≈≈≈.≈≈≈≈.≈≈≈≈..
#......≈≈@E≈≈......≈≈≈≈..≈
#...............>..≈≈≈≈..
###.#....≈≈≈≈≈..≈...≈≈≈.≈≈.
...........≈≈≈≈...≈..≈≈≈...
####...≈≈≈≈≈≈≈≈≈..≈≈≈≈.≈≈.
#....≈≈≈≈≈≈≈≈≈≈≈≈≈≈≈...
#......≈≈..≈≈.≈≈≈..≈... # ..
##.............)≈....≈.
.##?#!#
#......(....≈.........


You could see a water elemental.

Vanquished Creatures
  Gastronok (D:8)
  Erolcha (D:11)
  An unseen horror (D:9)
  An ugly thing (D:10)
  A centaur zombie (D:8)
  A komodo dragon (D:11)
  3 trolls
  A hornet (D:10)
  A polar bear (D:10)
  A hippogriff (D:9)
  A shadow (D:8)
  2 centaur simulacra (D:10)
  A yak (D:10)
  2 hungry ghosts (D:11)
  A water moccasin (D:7)
  4 orc warriors
  2 sky beasts
  2 phantoms
  3 ice beasts
  5 wolves
  3 centaurs
  A big kobold (D:11)
  4 bullfrogs
  A hornet simulacrum (D:10)
  A scorpion (D:4)
  12 wights
  An electric eel (D:11)
  2 crimson imps
  A quasit (D:7)
  2 hounds (D:11)
  A wyvern simulacrum (D:10)
  3 orc priests
  Crazy Yiuf (D:2)
  4 bullfrog skeletons
  A gnoll shaman (D:4)
  6 jellies
  8 orc wizards
  2 iguanas (D:10)
  8 worker ants
  2 bullfrog simulacra (D:10)
  2 hound skeletons (D:9)
  2 killer bee simulacra (D:10)
  6 adders
  11 gnolls
  A hound simulacrum (D:10)
  A shadow imp (D:11)
  3 white imps (D:10)
  2 ufetubi (D:10)
  15 oozes
  2 adder zombies
  An adder skeleton (D:6)
  A worm (D:3)
  5 dart slugs
  A leopard gecko (D:3)
  38 orcs
  A ball python (D:3)
  12 bats
  9 giant cockroaches
  6 goblins
  5 hobgoblins
  16 jackals
  3 quokkas
  A ball python skeleton (D:4)
  4 frilled lizards
  A jackal skeleton (D:5)
  22 kobolds
  A leopard gecko skeleton (D:8)
  A quokka zombie (D:6)
  10 rats
282 creatures vanquished.

Vanquished Creatures (others)
  A kobold (D:11)
  2 fungi (D:4)
  6 toadstools (D:4)
9 creatures vanquished.

Grand Total: 291 creatures vanquished

Notes
Turn   | Place    | Note
-------+----------+-------------------------------------------
     0 | D:1      | b5mith the Minotaur Berserker began the quest for the Orb.
     0 | D:1      | Reached XP level 1. HP: 19/19 MP: 0/0
     1 | D:1      | Found a runed door.
    18 | D:1      | Reached XP level 2. HP: 17/27 MP: 1/1
    24 | D:1      | Reached XP level 3. HP: 20/34 MP: 2/2
   269 | D:1      | Reached ** piety under Trog
   652 | D:1      | Reached XP level 4. HP: 34/41 MP: 3/3
   746 | D:1      | Reached skill level 5 in Fighting
  1038 | D:2      | Reached skill level 5 in Long Blades
  1154 | D:2      | Found a runed door.
  1369 | D:2      | Found a blossoming altar of Fedhas.
  1699 | D:2      | Noticed Crazy Yiuf
  1703 | D:2      | Killed Crazy Yiuf
  1703 | D:2      | Reached XP level 5. HP: 48/48 MP: 4/4
  1859 | D:3      | Found a stormy altar of Qazlal.
  1934 | D:3      | Found an ancient bone altar of Kikubaaqudgha.
  2166 | D:3      | Found a sparkling altar of Nemelex Xobeh.
  2180 | D:3      | Reached *** piety under Trog
  2335 | D:4      | Reached XP level 6. HP: 24/57 MP: 5/5
  3382 | D:4      | Reached XP level 7. HP: 65/66 MP: 6/6
  3479 | D:4      | Got a pitted flail
  3480 | D:4      | Identified the +0 flail of Okawaru's Whim {crush, *Rage rF+
                  | MP+9} (You found it on level 4 of the Dungeon)
  3710 | D:5      | Entered Level 5 of the Dungeon
  4239 | D:5      | Found Jokkup's Jewellery Emporium.
  4463 | D:6      | Reached **** piety under Trog
  4654 | D:6      | Reached XP level 8. HP: 75/75 MP: 7/7
  5001 | D:7      | Found an ornate altar of the Wu Jian Council.
  5054 | D:7      | Found a burning altar of Makhleb.
  5211 | D:7      | Found a staircase to the Ecumenical Temple.
  5756 | D:7      | Reached skill level 10 in Fighting
  5756 | D:7      | Reached skill level 10 in Long Blades
  5770 | D:7      | Found a glowing silver altar of Zin.
  5770 | D:7      | Found a sacrificial altar of Ru.
  5960 | D:8      | Got a crude ring mail
  5971 | D:8      | Identified the +2 ring mail "Votzut" {rN++} (You found it
                  | on level 8 of the Dungeon)
  6008 | D:8      | Reached XP level 9. HP: 71/86 MP: 8/8
  6093 | D:8      | Noticed a troll
  6102 | D:8      | Killed a troll
  6288 | D:8      | Noticed Gastronok
  6305 | D:8      | Killed Gastronok
  6305 | D:8      | Reached XP level 10. HP: 48/100 MP: 9/9
  6594 | D:8      | Found a sparkling altar of Nemelex Xobeh.
  6775 | D:8      | Reached ***** piety under Trog
  7673 | D:9      | Killed an unseen horror
  8275 | D:10     | Entered Level 10 of the Dungeon
  8279 | D:10     | Gained mutation: You possess an exceptional clarity of
                  | mind. [potion of mutation]
  8279 | D:10     | Gained mutation: Armour fits poorly on your strangely
                  | shaped body. [potion of mutation]
  8279 | D:10     | Gained mutation: Your system is resistant to poisons.
                  | (rPois) [potion of mutation]
  8280 | D:10     | Lost mutation: You possess an exceptional clarity of mind.
                  | [potion of mutation]
  8280 | D:10     | Lost mutation: Your system is resistant to poisons. (rPois)
                  | [potion of mutation]
  8280 | D:10     | Lost mutation: Armour fits poorly on your strangely shaped
                  | body. [potion of mutation]
  8280 | D:10     | Gained mutation: Your flesh is heat resistant. (rF+)
                  | [potion of mutation]
  8280 | D:10     | Gained mutation: You are robust. (+10% HP) [potion of
                  | mutation]
  8281 | D:10     | Lost mutation: Your flesh is heat resistant. (rF+) [potion
                  | of mutation]
  8281 | D:10     | Lost mutation: You are robust. (+10% HP) [potion of
                  | mutation]
  8281 | D:10     | Gained mutation: Your magical capacity is low. (-10% MP)
                  | [potion of mutation]
  8281 | D:10     | Gained mutation: Your magical capacity is very low. (-20%
                  | MP) [potion of mutation]
  8281 | D:10     | Gained mutation: Your flesh is cold resistant. (rC+)
                  | [potion of mutation]
  8282 | D:10     | Lost mutation: Your magical capacity is very low. (-20% MP)
                  | [potion of mutation]
  8282 | D:10     | Lost mutation: Your magical capacity is low. (-10% MP)
                  | [potion of mutation]
  8282 | D:10     | Lost mutation: Your flesh is cold resistant. (rC+) [potion
                  | of mutation]
  8282 | D:10     | Gained mutation: You are frail. (-10% HP) [potion of
                  | mutation]
  8282 | D:10     | Gained mutation: You are partially covered in slimy green
                  | scales. (AC +2) [potion of mutation]
  8698 | D:10     | Got an ancient rapier
  8699 | D:10     | Identified the +8 rapier of Circularity {pain, Fragile
                  | Str+2 Dex+6 SInv} (You found it on level 10 of the Dungeon)
  9218 | D:11     | Found Benlash's General Store.
  9282 | D:11     | Noticed a cyan ugly thing
  9299 | D:10     | Killed a cyan ugly thing
  9368 | D:11     | Reached XP level 11. HP: 99/99 MP: 10/10
  9635 | D:11     | Received a gift from Trog
  9805 | D:11     | Noticed Erolcha
  9817 | D:11     | Killed Erolcha
  9849 | D:11     | Found a staircase to the Orcish Mines.
  9850 | D:11     | Found a staircase to the Lair.
  9918 | D:11     | Slain by a water elemental

Vault maps used:
D:1:      dpeg_arrival_caged_fury, serial_forest, infiniplex_forest_straight_5,
          infiniplex_forest_end_double, infiniplex_forest_clump_curved,
          infiniplex_forest_end_1, infiniplex_forest_clump_tiny,
          infiniplex_forest_straight_3, infiniplex_forest_end_1
D:2:      lemuel_crystal_altar, uniq_crazy_yiuf_cottage
D:3:      nicolae_overflow_hidden_temple, kiku_gazebo_pond_becter,
          nemelex_dance_club_becter
D:4:      cheibrodos_fertilizer, first_ration
D:5:      serial_shops, nicolae_shop_window_shopping
D:7:      nicolae_overflow_crystal_walls, old_standard_altar,
          gammafunk_temple_overflow_elements, minmay_temple_entry_glassed_door
D:8:      overflow_temple_1_default, uniq_gastronok
D:10:     serial_ice, serial_ice_a, serial_ice_i, serial_ice_c, serial_ice_d,
          serial_ice_g, serial_ice_n, serial_ice_o, serial_ice_b, serial_ice_m,
          serial_ice_h
D:11:     erik_lair_island, orc_0_dummy, serial_shops, shop, grunt_tengu_nest,
          uniq_erolcha, uniq_grum

Skill      XL: |  1  2  3  4  5  6  7  8  9 10 |
---------------+-------------------------------+-----
Fighting       | 4 5 6 7 8 10 12 14 | 14.7
Long Blades    | 4 5 6 7 8 10 12 14 | 14.6
Armour         | |  2.4
Dodging        | |  2.1

Action                   |  1- 3 |  4- 6 |  7- 9 | 10-12 || total
-------------------------+-------+-------+-------+-------++-------
Melee: Falchion          |    53 |   155 |   174 |   125 ||   507
       Headbutt          |    14 |    24 |    60 |    81 ||   179
       Whip              |       |       |    57 |       ||    57
       Rapier            |       |       |       |   106 ||   106
Invok: Berserk           |     1 |     1 |     2 |     1 ||     5
  Use: Scroll            |       |     2 |     7 |     3 ||    12
       Potion            |       |       |       |     4 ||     4
  Eat: Chunk             |       |    10 |     7 |    14 ||    31
       Ration            |       |       |     1 |       ||     1
Armor: Animal skin       |    17 |     3 |       |       ||    20
       Ring mail         |       |    48 |    78 |    94 ||   220
Dodge: Dodged            |    41 |   105 |   109 |   130 ||   385
       Rpst.: Falchion   |    10 |    26 |    14 |    12 ||    62

Table legend:
 A = Non-vault XP
 B = Vault XP
 C = Vault XP percentage of total XP
 D = Non-vault monster count
 E = Vault monster count
 F = Vault count percentage of total count
                 A         B        C        D         E       F
            +---------+---------+-------+---------+---------+-------
      Total |    8734 |    5361 |  38.0 |     221 |      61 |  21.6
            +---------+---------+-------+---------+---------+-------
        D:1 |      56 |      51 |  47.7 |      29 |      12 |  29.3
        D:2 |      55 |      41 |  42.7 |      18 |       1 |   5.3
        D:3 |      46 |      10 |  17.9 |      22 |       2 |   8.3
        D:4 |     473 |     192 |  28.9 |      19 |      19 |  50.0
        D:5 |     360 |       0 |   0.0 |      15 |       0 |   0.0
        D:6 |     364 |       0 |   0.0 |      14 |       0 |   0.0
        D:7 |     858 |       0 |   0.0 |      18 |       0 |   0.0
        D:8 |    2206 |    2026 |  47.9 |      41 |       1 |   2.4
        D:9 |    1890 |       0 |   0.0 |      19 |       0 |   0.0
       D:10 |    1128 |    1540 |  57.7 |       8 |      19 |  70.4
       D:11 |    1298 |    1501 |  53.6 |      18 |       7 |  28.0
            +---------+---------+-------+---------+---------+-------
